 Dungeon Crawl Stone Soup version 0.20-a0-920-gb18bc0f (webtiles) character file.

1080 tarabluh the Carver (level 8, -6/52 HPs)
             Began as an Octopode Berserker on Mar 25, 2017.
             Was a Priest of Trog.
             Killed by divine providence
             ... invoked by an orc priest
              (12 damage)
             ... on level 6 of the Dungeon.
             The game lasted 00:07:01 (4417 turns).

tarabluh the Carver (Octopode Berserker)            Turns: 4417, Time: 00:07:01

Health: -6/52      AC:  4    Str: 17    XL:     8   Next: 29%
Magic:  8/8        EV: 14    Int:  9    God:    Trog [***...]
Gold:   281        SH:  4    Dex: 13    Spells: 7/7 levels left

rFire    + . .     SeeInvis .   A - +8 lance "Wyrmbane" {slay drac, rPois rF+ rC+ AC+3}
rCold    + . .     Gourm    .   t - +0 buckler
rNeg     . . .     Faith    .   (helmet restricted)
rPois    +         Spirit   .   (no amulet)
rElec    .         Reflect  .   l - ring of flight
rCorr    .         Harm     .   (no ring)
MR       .....                  (no ring)
Stlth    ++........             (no ring)
Regen    0.2/turn               (no ring)
MPRegen  0.2/turn               (no ring)
                                (no ring)
                                (no ring)

@: no status effects
A: almost no armour, stealthy swim, amphibious, 8 rings, constrict 8, camouflage
1, gelatinous body 1
a: Berserk, Trog's Hand, Burn Spellbooks, Renounce Religion, Evoke Flight


You were on level 6 of the Dungeon.
You worshipped Trog.
Trog was most pleased with you.
You were not hungry.

You visited 1 branch of the dungeon, and saw 6 of its levels.

You collected 281 gold pieces.

Inventory:

Hand Weapons
 o - a +0 great sword
 y - a +0 long sword
 A - the +8 lance "Wyrmbane" (weapon) {slay drac, rPois rF+ rC+ AC+3}
   (You found it on level 6 of the Dungeon)

   It affects your AC (+3).
   It protects you from fire.
   It protects you from cold.
   It protects you from poison.
Missiles
 i - 7 tomahawks (quivered)
 p - 6 javelins
Armour
 t - a +0 buckler (worn)
Jewellery
 l - a ring of flight (left tentacle)
Wands
 x - a wand of paralysis (12/24)
Scrolls
 a - 2 scrolls of enchant armour {unknown}
 e - a scroll of blinking {unknown}
 h - 4 scrolls of enchant weapon
 k - 2 scrolls of amnesia {unknown}
 m - a scroll of magic mapping {unknown}
 n - 2 scrolls of noise {unknown}
 r - a scroll of random uselessness {unknown}
 u - a scroll of remove curse {unknown}
 w - 3 scrolls of holy word {unknown}
Potions
 d - a potion of magic {unknown}
 f - 5 potions of curing
 g - 2 potions of heal wounds
 q - a potion of resistance
 s - a potion of might {unknown}
 v - a potion of lignification {unknown}
 B - a potion of agility
Comestibles
 b - 3 bread rations
 c - 5 royal jellies
 j - 4 meat rations
 z - 8 chunks of flesh


   Skills:
 - Level 3.0 Fighting
 - Level 9.3 Long Blades
 * Level 2.1 Polearms
 - Level 3.0 Dodging
 * Level 2.4 Shields


You had 7 spell levels left.
You didn't know any spells.

Dungeon Overview and Level Annotations

Branches:
Dungeon (6/15)             Temple (0/1) D:4

Altars:
Ashenzari
Cheibriados
Gozag
Okawaru
Qazlal
The Shining One

Shops:
D:4 !   D:5 =*


Innate Abilities, Weirdness & Mutations

You cannot wear most types of armour.
You are very stealthy in the water. (Stealth+)
You are amphibious.
You can wear up to eight rings at the same time.
You can use your tentacles to constrict eight enemies at once.
Your skin changes colour to match your surroundings (Stealth+).
Your rubbery body absorbs attacks. (AC +1, EV +1)


Message History

You feel sick.
f - 5 potions of curing (gained 1)
An orc comes into view.
You feel sick.
You are no longer poisoned.
The orc shouts!
The orc priest shouts!
You hear a shout!
There are monsters nearby!
Things that are here:
a mace; a leather armour; an orc skeleton You puncture the orc!
You kill the orc!
Trog accepts your kill.
You see here an orc corpse.
The orc priest invokes the aid of Beogh against you.
Beogh smites you!
* * * LOW HITPOINT WARNING * * *
You see here an orc corpse.
The orc priest mumbles some strange prayers to Beogh against you.
Beogh smites you!
You die...

....'...# o. ...
....#...# #o. #.#
#####..##
###..##.###(###..####
.o.................#
..................#
#..##.###.##..##.##
##'###'###.##..####
#..)....o)@†....#
#...............#
#...............#
#################


You could see an orc priest.

Vanquished Creatures
  Grinder (D:4)
  Sigmund (D:3)
  An orc warrior (D:6)
  The ghost of Psyclone the Conjurer, an amateur DEFE (D:3)
  A howler monkey (D:4)
  2 crimson imps
  3 hounds
  An orc priest (D:6)
  An orc wizard (D:6)
  A bullfrog skeleton (D:5)
  An iguana (D:5)
  2 worker ants
  Natasha (thrice) (D:3 D:5)
  5 adders
  A shadow imp (D:5)
  2 dart slugs (D:1)
  2 leopard geckos
  7 orcs
  3 giant cockroaches
  4 goblins
  5 hobgoblins
  12 jackals
  3 ball pythons
  6 bats
  3 frilled lizards
  A jackal zombie (D:5)
  9 kobolds
  A quokka skeleton (D:5)
  6 rats
89 creatures vanquished.

Notes
Turn   | Place    | Note
-------+----------+-------------------------------------------
     0 | D:1      | tarabluh the Octopode Berserker began the quest for the Orb.
     0 | D:1      | Reached XP level 1. HP: 16/16 MP: 1/1
    79 | D:1      | Reached XP level 2. HP: 21/21 MP: 2/2
   242 | D:1      | Reached skill level 4 in Long Blades
   423 | D:2      | Reached ** piety under Trog
   423 | D:2      | Reached XP level 3. HP: 22/26 MP: 3/3
  1100 | D:3      | Noticed Psyclone's ghost (amateur DEFE)
  1107 | D:3      | Killed Psyclone's ghost
  1107 | D:3      | Reached skill level 5 in Long Blades
  1107 | D:3      | Reached XP level 4. HP: 12/31 MP: 4/4
  1107 | D:3      | Reached XP level 5. HP: 14/36 MP: 5/5
  1553 | D:3      | Noticed Sigmund
  1557 | D:3      | Killed Sigmund
  1557 | D:3      | Reached skill level 6 in Long Blades
  1557 | D:3      | Reached XP level 6. HP: 39/42 MP: 6/6
  1574 | D:3      | Found a faded altar of an unknown god.
  1585 | D:3      | Noticed Natasha
  1596 | D:3      | Killed Natasha
  1596 | D:3      | Reached skill level 7 in Long Blades
  2027 | D:3      | Noticed Natasha
  2036 | D:3      | Killed Natasha
  2302 | D:4      | Noticed Grinder
  2311 | D:4      | Killed Grinder
  2311 | D:4      | Reached skill level 8 in Long Blades
  2311 | D:4      | Reached XP level 7. HP: 46/46 MP: 7/7
  2328 | D:4      | Found a staircase to the Ecumenical Temple.
  2560 | D:4      | Found Naddaxt's Distillery.
  2948 | D:5      | Entered Level 5 of the Dungeon
  3073 | D:5      | Found Jifathok's Elemental Accessories.
  3091 | D:5      | Found a glowing golden altar of the Shining One.
  3132 | D:5      | Found a stormy altar of Qazlal.
  3198 | D:5      | Reached *** piety under Trog
  3225 | D:5      | Found Femaokk's Jewellery Emporium.
  3637 | D:5      | Found a shattered altar of Ashenzari.
  3637 | D:5      | Found an iron altar of Okawaru.
  3644 | D:5      | Found an opulent altar of Gozag.
  3677 | D:5      | Found a snail-covered altar of Cheibriados.
  3683 | D:5      | Reached skill level 9 in Long Blades
  3807 | D:5      | Reached XP level 8. HP: 34/52 MP: 8/8
  4021 | D:5      | Noticed Natasha
  4027 | D:5      | Killed Natasha
  4236 | D:6      | Reached skill level 1 in Shields
  4380 | D:6      | Reached skill level 1 in Polearms
  4417 | D:6      | Killed from afar by an orc priest

Vault maps used:
D:1:      ncdulo_watergridlock, hangedman_feature_mirror, glass_columns_a
D:3:      chequers_ecumenical_altar_simple, uniq_natasha, uniq_sigmund
D:4:      temple_pool_b, first_bread, serial_shops, shop_fountains, uniq_grinder
D:5:      overflow_temple_1_default, grunt_qazlal_clouds,
          grunt_temple_overflow_open, tso_metal_star, serial_shops, shop,
          minmay_misc_feat_iff, nicolae_elemental_shop
D:6:      uniq_crazy_yiuf_cottage

Skill      XL: |  1  2  3  4  5  6  7  8 |
---------------+-------------------------+-----
Long Blades    | 4 5 6 8 9 |  9.3
Shields        | 2 |  2.4
Polearms       | 2 |  2.1
Fighting       | |  3.0
Dodging        | |  3.0

Action                   |  1- 3 |  4- 6 |  7- 9 || total
-------------------------+-------+-------+-------++-------
Melee: Falchion          |    57 |     7 |       ||    64
       Constrict         |    18 |    12 |    16 ||    46
       Tentacles         |    14 |     7 |    11 ||    32
       Great sword       |       |    36 |    38 ||    74
       Lance             |       |       |    21 ||    21
       Long sword        |       |       |     4 ||     4
Invok: Berserk           |       |     1 |       ||     1
       Trog's Hand       |       |     1 |       ||     1
  Use: Scroll            |       |       |     5 ||     5
 Stab: Sleeping          |     3 |     4 |     4 ||    11
  Eat: Chunk             |       |     4 |     8 ||    12
Armor: Skin              |     3 |     3 |     3 ||     9
Dodge: Dodged            |    37 |    23 |    29 ||    89
Block: Buckler           |       |       |     3 ||     3
       Rpst.: Falchion   |    13 |     3 |       ||    16
       Great sword       |       |     4 |     7 ||    11
       Long sword        |       |       |     1 ||     1
